 Dungeon Crawl Stone Soup version 0.17-a0-1954-g0dddeaa (webtiles) character file.

37 Kusio the Distorting Demonspawn (level 3, -4/29 HPs)
             Began as a Demonspawn Abyssal Knight on Oct 4, 2015.
             Was a Believer of Lugonu.
             Slain by an adder (5 damage)
             ... on level 2 of the Dungeon.
             The game lasted 00:02:50 (851 turns).

Kusio the Distorting Demonspawn (DsAK)               Turns: 851, Time: 00:02:50

Health: -4/29      AC:  4    Str: 10 (13) XL:     3   Next: 23%
Magic:  6/6        EV: 11    Int: 13      God:    Lugonu [**....]
Gold:   92         SH:  0    Dex: 12      Spells: 0 memorised, 2 levels left

rFire  . . .     SeeInvis +     a - +1 spear
rCold  . . .     Clarity  .     b - +0 leather armour
rNeg   . . .     SustAt   .     (no shield)
rPois  .         Gourm    .     (helmet restricted)
rElec  .         Spirit   .     (no cloak)
rCorr  .         Warding  .     (no gloves)
rMut   .         Stasis   .     f - +0 pair of boots
MR     .....                    (no amulet)
Stlth  +.........               (no ring)
                                m - ring of see invisible

@: lethally poisoned (-4 -> -12), not resistant to hostile enchantments, very
unstealthy
A: antennae 1, claws 1
a: Depart the Abyss, Bend Space, Renounce Religion


You were on level 2 of the Dungeon.
You worshipped Lugonu.
Lugonu was pleased with you.
You were not hungry.

You visited 1 branch of the dungeon, and saw 2 of its levels.
You visited the Abyss 1 time.

You collected 92 gold pieces.

Inventory:

Hand weapons
 a - a +1 spear (weapon)
Missiles
 e - 10 poisoned needles
Armour
 b - a +0 leather armour (worn)
 f - a +0 pair of boots (worn)
Jewellery
 m - a ring of see invisible (left claw)
Scrolls
 g - a scroll of amnesia {unknown}
 i - a scroll of identify {unknown}
 j - a scroll of magic mapping {unknown}
 l - a scroll of teleportation {unknown}
Potions
 h - a potion of cancellation {unknown}
Comestibles
 c - a bread ration
 d - 3 meat rations
 n - 2 chunks of flesh


   Skills:
 - Level 3.0 Fighting
 + Level 2.5 Polearms
 - Level 1.7 Armour
 - Level 0.8 Dodging
 + Level 4.0 Invocations


You had 2 spell levels left.
You didn't know any spells.

Dungeon Overview and Level Annotations

Branches:
Dungeon (2/15)

Altars:


Innate Abilities, Weirdness & Mutations

You have a pair of small antennae on your head.
You have sharp fingernails.


Message History

You are too injured to fight recklessly!
You miss the adder. The bat hits you but does no damage.
The bat barely misses you. The adder barely misses you.
You hit the adder.
The adder is moderately wounded.
The bat barely misses you. The adder bites you.
* * * LOW HITPOINT WARNING * * *
The bat hits you but does no damage.
You hit the adder but do no damage.
The adder is moderately wounded.
You feel sick. The bat hits you but does no damage. The adder bites you.
* * * LOW HITPOINT WARNING * * *
You are more poisoned.
The adder poisons you! The adder bites you.
* * * LOW HITPOINT WARNING * * *
Unknown command.
You barely miss the adder.
The adder is moderately wounded.
The bat closely misses you. The adder bites you.
You die...

....# ###...#
####....##
#######........#
##.......รท......#
####..#####........##
####....## ####......#
##......#####
###....##...
#...........###@..##.#
##......###...bS####.#
########
###.....##.###.#
#..##.........#.#
#.##......##....#
#######.##......##.....
##...$.#.##..........#
#........##......###.#
#...[.....##......#


You could see an adder and a bat.

Vanquished Creatures
  An adder (D:2)
  An ooze (D:1)
  A giant gecko (D:1)
  4 goblins (D:1)
  A hobgoblin (D:1)
  3 jackals (D:2)
  A ball python (D:2)
  4 bats (D:1)
  3 giant newts (D:1)
  3 kobolds (D:1)
  3 rats
25 creatures vanquished.

Notes
Turn   | Place    | Note
--------------------------------------------------------------
     0 | Abyss:1  | Kusio the Demonspawn Abyssal Knight began the quest for the Orb.
     0 | Abyss:1  | Reached XP level 1. HP: 18/18 MP: 2/2
    15 | D:1      | Escaped the Abyss
   135 | D:1      | Gained mutation: You have sharp fingernails. [demonic ancestry]
   135 | D:1      | Reached XP level 2. HP: 22/24 MP: 4/4
   700 | D:1      | Acquired Lugonu's second power
   799 | D:2      | Gained mutation: You have a pair of small antennae on your head. [demonic ancestry]
   799 | D:2      | Reached XP level 3. HP: 24/29 MP: 5/5
   806 | D:2      | Reached skill level 4 in Invocations
   850 | D:2      | HP: 1/29 [adder (2)]
   851 | D:2      | Slain by an adder

Vault maps used:
D:1:      arrival_zaba_pyramid
D:2:      nicolae_overflow_hidden_temple, uniq_terence

Action                   || total
-------------------------++-------
Melee: Spear             ||   110
  Use: Potion            ||     1
